 Dungeon Crawl Stone Soup version 0.31.0-1-g2c135a0 (webtiles) character file.

Game seed: 4360767244870090647

2585288 Ultraviolent4 the Evangelist (level 27, 273/273 HPs)
             Began as a Hill Orc Delver on Feb 1, 2024.
             Was an Elder of Beogh.
             Escaped with the Orb
             ... and 5 runes on Feb 3, 2024!
             The game lasted 05:46:57 (94101 turns).

Ultraviolent4 the Evangelist (Hill Orc Delver)     Turns: 94101, Time: 05:46:57

Health: 273/273    AC: 55    Str: 36    XL:     27
Magic:  36/36      EV: 18    Int:  9    God:    Beogh [****..]
Gold:   7855       SH: 21    Dex: 11    Spells: 26/26 levels left

rFire   + + .        a - +9 broad axe
rCold   + + +        Y - +5 kite shield {rC+ rF+}
rNeg    + . .        S - +11 gold dragon scales
rPois   +            C - +2 helmet
rElec   +            u - +2 cloak
rCorr   +            A - +3 pair of gloves of Jicih {SInv}
SInv    +            z - +2 pair of boots of the Wild Haggis {Rampage rCorr}
Will    +++++        L - amulet of the Four Winds {rN+ Will+++ Clar} Stlth
                     b - +5 ring of evasion
HPRegen 0.65/turn    i - ring of Arrival {Fly rElec rPois Str+3 Stlth-}
MPRegen 0.25/turn

%: clarity, rampage
@: flying, studying 3 skills
A: cold resistance 1, low MP 1, sense surroundings 1, strong 1
0: Orb of Zot
}: 5/15 runes: decaying, serpentine, slimy, silver, abyssal
a: Renounce Religion, Smiting, Recall Orcish Followers


You escaped.
You worshipped Beogh.
Beogh was greatly pleased with you.
You visited 13 branches of the dungeon, and saw 57 of its levels.
You visited the Abyss 3 times.
You also visited: Ice Cave, Wizlab and Desolation.

You collected 10907 gold pieces.
You spent 3052 gold pieces at shops.

Inventory:

Hand Weapons
 a - a +9 broad axe (weapon)
   (You took it off a naga on level 1 of the Snake Pit)
 k - the +8 trishula "Condemnation" {holy, anguish, *Noise Fly rN+}
   (You took it off a deep elf demonologist on level 3 of the Elven Halls)

   rN+:       It protects you from negative energy.
   Fly:       It grants you flight.
   *Noise:    It may make a loud noise when swung.
 l - a +0 bardiche
   (You took it off a vault guard on level 4 of the Vaults)
 o - a +2 broad axe of flaming
   (You took it off a hell knight on level 3 of the Depths)
 x - the +4 orcbow "Xahur" {flame, rElec rN+}
   (You found it on level 2 of the Vaults)

   rElec:     It insulates you from electricity.
   rN+:       It protects you from negative energy.
 H - the +3 orcbow "Xicvair" {freeze, rElec rC+ Str-2 Dex+2}
   (You found it on level 1 of the Vaults)

   Str-2:     It affects your strength (-2).
   Dex+2:     It affects your dexterity (+2).
   rC+:       It protects you from cold.
   rElec:     It insulates you from electricity.
 N - a +1 bardiche of venom
   (You took it off a vault warden on level 5 of the Vaults)
Missiles
 G - 3 throwing nets {!f}
Armour
 t - the +7 crystal plate armour "Qerukamag" {Rampage rC+ Int-3 SInv}
   (You found it in the Desolation of Salt)

   Int-3:     It affects your intelligence (-3).
   rC+:       It protects you from cold.
   SInv:      It lets you see invisible.
   Rampage:   It bestows one free step when moving towards enemies.
 u - a +2 cloak (worn)
   (You found it on level 3 of the Elven Halls)
 y - the +15 Maxwell's patent armour {-Cast -Tele rElec Will+ rCorr}
   (You found it on level 5 of the Pits of Slime)

   rElec:     It insulates you from electricity.
   Will+:     It increases your willpower.
   -Cast:     It prevents spellcasting.
   -Tele:     It prevents most forms of teleportation.
   rCorr:     It protects you from acid and corrosion.
 z - the +2 pair of boots of the Wild Haggis (worn) {Rampage rCorr}
   (You found it on level 1 of the Realm of Zot)

   rCorr:     It protects you from acid and corrosion.
   Rampage:   It bestows one free step when moving towards enemies.
 A - the +3 pair of gloves of Jicih (worn) {SInv}
   (You found it in the Desolation of Salt)

   SInv:      It lets you see invisible.
 C - a +2 helmet (worn)
   (You found it on level 4 of the Dungeon)
 O - a +0 plate armour of fire resistance
   (You found it on level 3 of the Elven Halls)
 S - +11 gold dragon scales (worn)
   (You found it on level 3 of the Depths)
 Y - a +5 kite shield of resistance (worn)
   (You took it off a naga warrior on level 2 of the Snake Pit)
Jewellery
 b - a +5 ring of evasion (left hand)
   (You took it off a spriggan on level 4 of the Swamp)
 i - the ring of Arrival (right hand) {Fly rElec rPois Str+3 Stlth-}
   (You took it off a vault sentinel on level 5 of the Vaults)

   [ring of flight]

   Str+3:     It affects your strength (+3).
   rElec:     It insulates you from electricity.
   rPois:     It protects you from poison Fly: It grants you flight.
   Stlth-:    It makes you less stealthy.
 D - the ring "Geepaab" {rF+ AC+4 Int+2}
   (You took it off a naga warrior on level 2 of the Snake Pit)

   [ring of protection]

   AC+4:      It affects your AC (+4).
   Int+2:     It affects your intelligence (+2).
   rF+:       It protects you from fire.
 L - the amulet of the Four Winds (around neck) {rN+ Will+++ Clar}
   (You took it off a fire giant on level 3 of the Depths)

   [amulet of nothing]

   rN+:       It protects you from negative energy.
   Will+++:   It greatly increases your willpower.
   Clar:      It protects you from confusion, rage, mesmerisation and fear.
 T - a ring of positive energy
   (You found it on level 2 of the Lair of Beasts)
Wands
 d - a wand of iceblast (64)
   (You found it on level 10 of the Dungeon)
 r - a wand of mindburst (66)
   (You took it off an orc wizard on level 6 of the Dungeon)
 v - a wand of digging (6)
   (You found it on level 3 of the Elven Halls)
 Q - a wand of charming (55)
   (You found it on level 4 of the Swamp)
 R - a wand of quicksilver (36)
   (You took it off Sonja on level 2 of the Lair of Beasts)
Scrolls
 c - 16 scrolls of fog
 m - 3 scrolls of fear
 p - 2 scrolls of revelation
 q - 4 scrolls of silence
 w - 7 scrolls of vulnerability {!r}
 K - 12 scrolls of teleportation {@r4}
 P - 5 scrolls of blinking
 X - a scroll of summoning
Potions
 e - 23 potions of curing {@q1}
 f - 7 potions of haste {@q3}
 g - 6 potions of ambrosia
 h - 10 potions of lignification {!q}
 j - 6 potions of cancellation
 n - 4 potions of might
 B - 9 potions of heal wounds {@q2}
 E - 7 potions of magic
 F - 7 potions of berserk rage
 I - 8 potions of attraction {!q}
 J - 8 potions of resistance
 M - 2 potions of invisibility
 W - 7 potions of mutation {!q}
Miscellaneous
 s - a sack of spiders
   (You found it in a wizard's laboratory)
 U - the horn of Geryon
   (You took it off Geryon in the Vestibule of Hell)
 V - a phantom mirror
   (You bought it in a shop on level 2 of the Orcish Mines)
 Z - a phial of floods
   (You found it on level 2 of the Vaults)


   Skills:
 O Level 27 Fighting
 - Level 18.9 Axes
 O Level 27 Armour
 + Level 13.0 Dodging
 - Level 4.1 Stealth
 + Level 22.8 Shields
 O Level 27 Invocations
 * Level 18.1 Evocations


You had 26 spell levels left.
You didn't know any spells.
Your spell library contained the following spells:

 Spells                   Type           Power      Damage    Failure   Level
 Foxfire                  Conj/Fire      0%         2x1d4     88%         1
 Freeze                   Ice            0%         1d3       88%         1
 Kiss of Death            Conj/Necr      0%         2d5       88%         1
 Magic Dart               Conj           0%         1d3       88%         1
 Necrotise                Necr           0%         1d4       88%         1
 Sandblast                Erth           0%         2d4       88%         1
 Shock                    Conj/Air       0%         1d3       88%         1
 Slow                     Hex            0%         N/A       88%         1
 Sting                    Conj/Alch      0%         1d3       88%         1
 Cigotuvi's Dreadful Rot  Necr/Alch/Air  0%         N/A       95%         2
 Ensorcelled Hibernation  Hex/Ice        0%         N/A       95%         2
 Jinxbite                 Hex            0%         N/A       95%         2
 Mercury Vapours          Alch/Air       0%         N/A       95%         2
 Static Discharge         Conj/Air       0%         3-3/arc   95%         2
 Call Canine Familiar     Summ           0%         N/A       99%         3
 Confusing Touch          Hex            0%         N/A       99%         3
 Dazzling Flash           Conj/Hex       0%         N/A       99%         3
 Frozen Ramparts          Ice            0%         1d1       99%         3
 Fugue of the Fallen      Necr           0%         N/A       99%         3
 Gell's Gravitas          Tloc           0%         N/A       99%         3
 Hailstorm                Conj/Ice       0%         3d5       99%         3
 Inner Flame              Hex/Fire       0%         N/A       99%         3
 Mephitic Cloud           Conj/Alch/Air  0%         N/A       99%         3
 Passwall                 Erth           0%         N/A       99%         3
 Sigil of Binding         Hex            0%         N/A       99%         3
 Stone Arrow              Conj/Erth      0%         3d7       99%         3
 Summon Ice Beast         Ice/Summ       0%         N/A       99%         3
 Swiftness                Air            0%         N/A       99%         3
 Teleport Other           Tloc           0%         N/A       99%         3
 Tukima's Dance           Hex            0%         N/A       99%         3
 Vampiric Draining        Necr           0%         2d6       99%         3
 Volatile Blastmotes      Fire/Tloc      0%         2d10      99%         3
 Anguish                  Hex/Necr       0%         N/A       100%        4
 Animate Armour           Summ/Erth      0%         N/A       100%        4
 Animate Dead             Necr           0%         N/A       100%        4
 Brom's Barrelling Bould  Conj/Erth      0%         2d3       100%        4
 Cause Fear               Hex            0%         N/A       100%        4
 Dimensional Bullseye     Hex/Tloc       0%         N/A       100%        4
 Dispel Undead            Necr           0%         3d6       100%        4
 Flame Wave               Conj/Fire      0%         2d4       100%        4
 Fulminant Prism          Conj/Alch      0%         3d5       100%        4
 Ignite Poison            Fire/Alch      0%         N/A       100%        4
 Iskenderun's Mystic Bla  Conj/Tloc      0%         2d3       100%        4
 Leda's Liquefaction      Alch/Erth      0%         N/A       100%        4
 Martyr's Knell           Necr/Summ      0%         N/A       100%        4
 Olgreb's Toxic Radiance  Alch           0%         N/A       100%        4
 Passage of Golubria      Tloc           0%         N/A       100%        4
 Sticky Flame             Fire/Alch      0%         2d4       100%        4
 Summon Blazeheart Golem  Fire/Summ      0%         N/A       100%        4
 Summon Lightning Spire   Summ/Air       0%         N/A       100%        4
 Vhi's Electric Charge    Tloc/Air       0%         N/A       100%        4
 Alistair's Intoxication  Alch           0%         N/A       100%        5
 Arcjolt                  Conj/Air       0%         1d10      100%        5
 Borgnjor's Vile Clutch   Necr/Erth      0%         N/A       100%        5
 Curse of Agony           Necr           0%         N/A       100%        5
 Fireball                 Conj/Fire      0%         3d3       100%        5
 Freezing Cloud           Conj/Ice/Air   0%         6-21      100%        5
 Irradiate                Conj/Alch      0%         3d11      100%        5
 Lee's Rapid Deconstruct  Erth           0%         3d4*      100%        5
 Metabolic Englaciation   Hex/Ice        0%         N/A       100%        5
 Silence                  Hex/Air        0%         N/A       100%        5
 Summon Forest            Summ/Tloc      0%         N/A       100%        5
 Summon Mana Viper        Hex/Summ       0%         N/A       100%        5
 Yara's Violent Unravell  Hex/Alch       0%         3d3       100%        5
 Bombard                  Conj/Erth      0%         9d1       100%        6
 Conjure Ball Lightning   Conj/Air       0%         3x3d6     100%        6
 Death Channel            Necr           0%         N/A       100%        6
 Dispersal                Tloc           0%         N/A       100%        6
 Eringya's Noxious Bog    Alch           0%         4d6       100%        6
 Plasma Beam              Fire/Air       0%         2x1d10    100%        6
 Sculpt Simulacrum        Ice/Alch       0%         N/A       100%        6
 Starburst                Conj/Fire      0%         6d3       100%        6
 Summon Cactus Giant      Summ           0%         N/A       100%        6
 Enfeeble                 Hex            0%         N/A       100%        7
 Haunt                    Necr/Summ      0%         N/A       100%        7
 Malign Gateway           Summ/Tloc      0%         N/A       100%        7
 Monstrous Menagerie      Summ           0%         N/A       100%        7
 Ozocubu's Refrigeration  Ice            0%         4d7       100%        7
 Summon Hydra             Summ           0%         N/A       100%        7
 Borgnjor's Revivificati  Necr           0%         N/A       100%        8
 Discord                  Hex            0%         N/A       100%        8
 Disjunction              Tloc           0%         N/A       100%        8
 Ignition                 Fire           0%         3d3       100%        8
 Infestation              Necr           0%         N/A       100%        8
 Lehudib's Crystal Spear  Conj/Erth      0%         10d2      100%        8
 Maxwell's Capacitive Co  Air            0%         ∞         100%        8
 Summon Horrible Things   Summ           0%         N/A       100%        8
 Chain Lightning          Conj/Air       0%         N/A       100%        9
 Death's Door             Necr           0%         N/A       100%        9
 Dragon's Call            Summ           0%         N/A       100%        9
 Fire Storm               Conj/Fire      0%         5d1       100%        9
 Polar Vortex             Ice            0%         N/A       100%        9
 Shatter                  Erth           0%         3d5*      100%        9


Dungeon Overview and Level Annotations

Branches:
Dungeon (15/15)            Temple (1/1) D:6            Lair (5/5) D:10
  Swamp (4/4) Lair:3        Snake (4/4) Lair:3        Slime (5/5) Lair:4
    Orc (2/2) D:9             Elf (3/3) Orc:2        Vaults (5/5) D:13
  Crypt (3/3) Vaults:3       Tomb (0/3) Crypt:3      Depths (4/4) D:15
   Hell (visited)             Dis (0/7) Hell            Geh (0/7) Hell
    Coc (0/7) Hell            Tar (0/7) Hell            Zot (5/5) Depths:4
  IceCv (visited)          WizLab (visited)         Desolation (visited)

Altars:
Ashenzari
Cheibriados
Dithmenos
Elyvilon
Fedhas
Gozag
Hepliaklqana
Kikubaaqudgha
Makhleb
Nemelex Xobeh
Okawaru
Qazlal
Ru
Sif Muna
Trog
Uskayaw
Vehumet
Wu Jian
Xom
Yredelemnul
Zin
The Shining One
Beogh
Jiyva

Shops:
D:4 *   D:6 :   D:10 (   D:13 (   D:14 (   Orc:2 *=[:   Elf:3 =   Snake:2 =
Snake:3 [   Vaults:1 *

Portals:
Hell: Depths:1 Depths:2 Depths:3 Depths:4
Abyss: Depths:2 Depths:3* Depths:4
Pandemonium: Depths:2
Ziggurat: Depths:2
Trove: Vaults:1 (give +5 demon trident)

Annotations:
D:1 exclusion: downstairs
D:3 exclusion: downstairs
D:4 exclusion: downstairs
Swamp:3 exclusion: 2 downstairs
Elf:1 2 transporters, yakattack's ghost, adept FeIE
Elf:2 3 runed translucent doors
Depths:1 3 runed translucent doors, Jeut's ghost, veteran MiFi


Innate Abilities, Weirdness & Mutations

Your flesh is cold resistant. (rC+)
Your magical capacity is low. (-10% MP)
You passively map a small area around you.
Your muscles are strong. (Str +4, Int/Dex -1)


Message History

Okay, then.
The hellwing gives a chilling moan.
Taetoe comes into view.
Press: ? - help, v - describe, . - travel
Here: Taetoe The floor.
Unknown command.
As you read the scroll of fog, it dissolves into smoke.
You carefully extract the barbed spikes from your body.
Warrok hits the hellwing with a +2 glaive of protection!!
The hellwing hits Warrok but does no damage. x2
Blink to where?
Press: ? - help, Dir - move target
As you read the scroll of blinking, it crumbles to dust.
Beogh accepts your kill.
You feel a bit more experienced.
You see here a +0 club.
There is a stone staircase leading up here.
You fly upwards.
There is a stone staircase leading down here.
What level of the Dungeon? (default 1, ? - help)
There is a stone staircase leading up here.
You fly upwards.
Level annotation: exclusion: downstairs
There is a stone staircase leading down here.
There is a stone staircase leading up here.
You fly upwards.
Level annotation: exclusion: downstairs
There is a stone staircase leading down here.
There is a stone staircase leading up here.
You fly upwards.
There is a stone staircase leading down here.
A red devil opens the door.
It is wielding a +0 trident.
There is an open door here.
There is a stone staircase leading up here.
You fly upwards.
Level annotation: exclusion: downstairs
There is a stone staircase leading down here.
You begin recalling your allies.
Thorok is recalled.
Bogwald is recalled. x2
Jorge is recalled.
Bogwald is recalled.
Bogwik is recalled.
Warrok is recalled.
There is a staircase leading out of the dungeon here.
Garbold is recalled.
Your orc is recalled.
Your orc priest is recalled.
Your orc is recalled.
Your orc wizard is recalled.
Your orc is recalled.
Your orc wizard is recalled. x2
Your orc priest is recalled.
You finish recalling your allies.
You have escaped!

.#...........+.......##.....#
#.####.......#####..##......#
.## #.......# ##..##.....#.#
#.####.......###..##.....##.#
.................##.....###>#
######..##########.....## #.#
# ##.#########oo...## #.# #
#........ooo8..## #.# #
#.......oo@oo.## #.# #
#.......ooooo..## #.# #
###########oo...## #.# #
##.....## #.# ###
##.....###.# ..## ##.....##.#
...## ########## ##.....#.#
....# #........######......#
#.#.# #........##...##.....#


You could see 3 friendly orc warlords, the friendly Bogwik the orc warlord, the
friendly Jorge the orc warlord, the friendly Thorok the orc warlord, the
friendly Warrok the orc warlord, the friendly Garbold the orc knight, 2 friendly
orc priests, 3 friendly orc wizards and 3 friendly orcs.

Vanquished Creatures
  the Royal Jelly (Slime:5)
  5 dread liches
  5 orbs of fire (Zot:5)
  5 ancient liches
  3 Killer Klowns (Zot:5)
  Vashnia (Snake:3)
  3 golden dragons
  2 curse toes
  Jory (Crypt:3)
  Geryon (Hell)
  Nikola (Vaults:3)
  5 bone dragons
  A Cloud Mage (WizLab)
  An electric golem (Zot:5)
  4 tentacled monstrosities
  2 titans (Vaults:5)
  8 liches
  4 quicksilver dragons
  2 deep elf master archers (Elf:3)
  4 Orb Guardians (Zot:5)
  2 deep elf blademasters (Elf:3)
  14 acid blobs
  2 death cobs
  12 tentacled starspawn
  A searing wretch (Depths:4)
  7 shadow dragons
  A thorn hunter (Swamp:3)
  6 sphinxes
  3 ancient champions
  An Executioner (Zot:3)
  2 storm dragons
  Gastronok (D:10)
  A fenstrider witch (Swamp:1)
  3 tengu reavers
  10 azure jellies
  2 revenants
  A draconian knight (Zot:1)
  2 nagarajas (Snake:4)
  8 fire giants
  A draconian shifter (Depths:4)
  5 rockslimes
  An imperial myrmidon (Desolation)
  3 frost giants
  3 balrugs
  6 iron dragons
  A draconian monk (Zot:1)
  8 deep elf sorcerers (Elf:3)
  2 deep elf elementalists (Elf:3)
  8 vault wardens
  An angel (Depths:2)
  4 ghost moths
  A draconian scorcher (Zot:5)
  3 curse skulls
  5 ghouls
  An orc warlord (Vaults:4)
  A cacodemon (Abyss:1)
  A draconian annihilator (Zot:3)
  11 ironbound preservers
  A draconian stormcaller (Zot:1)
  7 reapers
  A juggernaut skeleton (Abyss:1)
  A spriggan defender (Depths:2)
  15 stone giants
  13 quicksilver oozes
  3 caustic shrike skeletons (Crypt:3)
  4 ironbound thunderhulks
  21 very ugly things
  2 formless jellyfish (Vaults:1)
  2 green draconians
  2 black draconians
  7 eleionomae
  12 deep elf annihilators
  2 white draconians
  11 deep elf demonologists
  7 deep elf death magi
  7 war gargoyles
  3 red draconians
  3 dire elephants (Vaults:1)
  A halazid warlock (Desolation)
  8 vampire knights
  4 yellow draconians
  8 bunyips
  11 spark wasps
  4 blizzard demons
  2 purple draconians
  A merfolk javelineer (Depths:3)
  5 ettins
  2 green deaths
  5 eidola (Crypt:2)
  A mummy priest (Crypt:3)
  7 fire dragons
  4 crystal guardians
  Josephine (Lair:4)
  8 jiangshi
  3 yaktaur captains
  An entropy weaver (Vaults:2)
  5 ragged hierophants (Desolation)
  A kraken zombie (Hell)
  11 great orbs of eyes
  3 spriggan zombies
  4 deep elf high priests
  3 salamander tyrants
  4 spriggan air magi
  10 servants of whispers (Desolation)
  6 rakshasas
  11 vault guards
  18 hydras
  A stoker (Depths:4)
  An Orb Guardian zombie (Crypt:1)
  4 peacekeepers (Desolation)
  6 alligators
  A hell beast (Depths:1)
  2 ghost crabs
  3 ironbound frosthearts
  Erica (Orc:1)
  2 boulder beetles
  2 ogre magi (Vaults:5)
  4 anacondas
  11 ice dragons
  2 death yaks (Lair:5)
  2 centaur warriors
  An anaconda (shapeshifter) (Vaults:2)
  A hell hog (Lair:5)
  7 naga warriors
  3 two-headed ogres (Vaults:5)
  2 tengu warriors (Depths:2)
  6 dancing weapons
  A death knight (Vaults:3)
  6 vampire magi
  4 demonic crawlers
  12 naga sharpshooters
  2 orc high priests (Orc:2)
  10 deep troll shamans
  A sphinx skeleton (D:15)
  7 deep troll earth magi
  Urug (Lair:4)
  3 occultists
  A titan zombie (Abyss:1)
  5 spriggan berserkers
  8 thrashing horrors
  Sonja (Lair:2)
  5 shock serpents
  4 deep elf knights
  8 spriggans
  16 hell knights
  8 soul eaters
  6 sun demons
  A fire crab (shapeshifter) (Zot:2)
  A spectral spark wasp (Depths:1)
  4 wretched stars
  23 skeletal warriors
  3 goliath frogs
  3 shadow wraiths
  5 spatial maelstroms (Abyss:4)
  11 iron trolls
  A sixfirhy (Abyss:4)
  10 swamp dragons
  6 flayed ghosts
  4 death drakes (WizLab)
  5 sea snakes
  A salamander mystic (Snake:4)
  2 spriggan druids
  A death drake (shapeshifter) (Vaults:5)
  A spark wasp zombie (D:15)
  10 mana vipers
  40 deep trolls
  A naga ritualist (Snake:1)
  A bunyip zombie (Crypt:3)
  5 glowing orange brains
  4 orc knights
  A shadow dragon zombie (Depths:1)
  5 arcanists
  18 lindwurms
  7 deep elf archers
  Pikel (D:4)
  16 bog bodies
  2 anaconda skeletons (Hell)
  15 ironbound convokers
  A lindwurm (shapeshifter) (Depths:4)
  12 deep elf pyromancers
  8 necromancers
  12 large abominations
  39 ugly things
  11 phantasmal warriors
  A shadow dragon skeleton (Crypt:3)
  2 shining eyes
  4 harpies (Vaults:1)
  2 orc sorcerers
  9 moths of wrath
  3 manticores
  2 worldbinders (Abyss:4)
  7 deep elf zephyrmancers
  10 salamanders
  11 will-o-the-wisps
  3 elephants
  A stone giant zombie (Depths:1)
  Maurice (D:8)
  A stone giant skeleton (Crypt:3)
  2 cyclopes
  2 alligator skeletons (Hell)
  7 rust devils
  5 meliai (D:13)
  19 black mambas
  3 eyes of devastation
  2 kobold blastminers
  4 apocalypse crabs
  10 vault sentinels
  A molten gargoyle (Depths:1)
  A dire elephant zombie (Hell)
  6 naga magi
  A centaur zombie (Hell)
  6 guardian serpents
  3 orange demons
  13 smoke demons
  5 gargoyles
  7 cane toads
  An eye of devastation (shapeshifter) (Vaults:1)
  4 ice statues
  A centaur skeleton (Crypt:3)
  A rime drake (Lair:1)
  9 unseen horrors
  10 yaktaurs
  A hellion (Abyss:4)
  2 kobold demonologists
  6 komodo dragons
  5 freezing wraiths
  An anaconda simulacrum (IceCv)
  9 ancient zymes
  A tormentor (Depths:2)
  3 tengu conjurers
  8 ice devils
  3 hydra zombies (Hell)
  A white draconian skeleton (Crypt:2)
  3 red devils
  5 trolls
  A harpy zombie (Crypt:3)
  2 guardian mummies (Vaults:1)
  A queen bee (Lair:2)
  A queen bee (shapeshifter) (Abyss:4)
  6 tyrant leeches
  A polar bear (shapeshifter) (D:15)
  9 polar bears (Lair:5)
  53 saltlings (Desolation)
  4 hellwings
  Prince Ribbit (D:5)
  An alligator simulacrum (Hell)
  2 harpy skeletons
  13 raiju
  An ettin zombie (Crypt:3)
  8 hornets
  A guardian serpent zombie (Crypt:1)
  6 blink frogs
  3 glass eyes
  2 air elementals
  7 dream sheep
  72 slime creatures
  4 vampires
  10 wraiths
  5 ynoxinuls
  A dire elephant simulacrum (Abyss:1)
  An ettin skeleton (Crypt:3)
  2 water elementals
  6 shadows
  2 ushabtiu (Crypt:3)
  4 basilisks
  A spriggan (shapeshifter) (D:13)
  33 yaks
  2 fire elementals
  2 wyverns
  4 wargs
  5 golden eyes
  2 redbacks
  A death yak simulacrum (IceCv)
  5 steam dragons
  13 vampire mosquitoes
  5 chaos spawn (Abyss:4)
  19 swamp worms
  2 neqoxecs
  A swamp worm (shapeshifter) (Vaults:5)
  14 nagas
  5 spatial vortices (Abyss:4)
  12 small abominations
  2 hydra simulacra (Hell)
  11 water moccasins
  15 hell hounds
  2 acid dragons
  A demonspawn skeleton (Crypt:1)
  3 orc warriors
  8 black bears
  9 swamp drakes
  A swamp dragon zombie (Crypt:2)
  34 laughing skulls
  3 ice beasts
  A merfolk simulacrum (Abyss:1)
  5 ogres
  12 wolves
  A boggart (Elf:1)
  6 centaurs
  2 kobold brigands (D:8)
  3 weeping skulls (Abyss:1)
  A necrophage (Crypt:1)
  8 bullfrogs
  A gnoll sergeant (D:9)
  3 scorpions
  An earth elemental (Elf:3)
  A warg skeleton (Crypt:1)
  21 wights
  A raiju zombie (Crypt:2)
  20 killer bees
  A shapeshifter skeleton (Crypt:2)
  3 elephant simulacra (IceCv)
  2 spriggan skeletons
  A howler monkey (D:7)
  5 electric eels
  2 lava snakes (Lair:3)
  2 hounds
  A bombardier beetle (D:6)
  2 quasits (Abyss:1)
  3 orc priests
  2 jellies
  23 starcursed masses
  3 sleepcaps
  3 iguanas
  15 orc wizards
  2 spriggan simulacra (IceCv)
  A troll simulacrum (IceCv)
  2 wolf simulacra (IceCv)
  An acid dragon zombie (Crypt:2)
  An ice beast zombie (Crypt:2)
  6 mummies (Crypt:3)
  5 gnolls
  6 adders
  3 naga simulacra (IceCv)
  3 white imps
  5 ufetubi
  4 ribbon worms
  4 dart slugs
  23 orcs
  10 bats
  11 endoplasms
  2 giant cockroaches
  8 goblins
  6 hobgoblins
  3 jackals (D:4)
  2 quokkas
  6 ball pythons
  4 frilled lizards
  A hobgoblin skeleton (Crypt:1)
  12 kobolds
  7 rats
  A fire vortex (Hell)
  A spectral weapon (Zot:5)
  12 starspawn tentacles
  2 tentacles (Hell)
1924 creatures vanquished.

Vanquished Creatures (collateral kills)
  A pandemonium lord (D:9)
  An ancient lich (Zot:5)
  2 dread liches
  6 orbs of fire
  A juggernaut (Depths:2)
  Bai Suzhen (Vaults:1)
  6 Killer Klowns (Zot:5)
  the Lernaean hydra (Swamp:4)
  5 golden dragons
  2 electric golems
  Jorgrun (Orc:1)
  11 tentacled monstrosities
  A lich (Zot:2)
  A titan (Zot:2)
  2 searing wretches (Depths:4)
  An ancient champion (Crypt:2)
  A walking divine tome (Depths:2)
  4 quicksilver dragons
  21 Orb Guardians (Zot:5)
  4 sphinxes
  2 death cobs
  3 acid blobs
  Donald (Swamp:3)
  9 storm dragons
  3 shadow dragons
  2 tengu reavers
  A rockslime (Slime:3)
  3 azure jellies
  A draconian monk (Zot:5)
  2 protean progenitors (Zot:1)
  An iron dragon (Depths:4)
  2 fire giants (Depths:4)
  A draconian knight (Zot:3)
  4 nagarajas
  4 draconian scorchers
  3 vault wardens
  4 frost giants
  3 deep elf sorcerers
  4 draconian shifters
  A balrug (D:7)
  A draconian stormcaller (Zot:1)
  2 quicksilver oozes (Slime:4)
  An ironbound thunderhulk (Vaults:1)
  2 ghouls
  3 stone giants
  A caustic shrike skeleton (Crypt:3)
  2 draconian annihilators
  5 ironbound preservers
  2 green draconians
  A vampire knight (Crypt:1)
  3 very ugly things
  A war gargoyle (Zot:2)
  3 purple draconians
  3 demonspawn black suns (Zot:3)
  5 red draconians
  A white draconian (Zot:3)
  A bunyip (Swamp:2)
  A deep elf demonologist (Vaults:2)
  4 black draconians (Zot:3)
  8 dire elephants
  A deep elf annihilator (Vaults:2)
  An eleionoma (Swamp:3)
  9 yellow draconians
  2 blizzard demons
  2 ettins
  4 crystal guardians
  5 jiangshi
  2 fire dragons
  5 great orbs of eyes
  19 vault guards (Vaults:4)
  A hell beast (Zot:5)
  4 ice dragons
  3 hydras
  2 peacekeepers
  2 ironbound frosthearts
  A salamander tyrant (Snake:1)
  2 entropy weavers
  An alligator (Swamp:3)
  4 boulder beetles
  2 centaur warriors
  A ghost crab (WizLab)
  3 anacondas
  3 two-headed ogres (D:13)
  4 dancing weapons
  6 naga warriors
  2 death knights
  2 deep troll earth magi
  A deep troll shaman (Depths:4)
  7 hell knights
  A vampire mage (Crypt:2)
  5 shock serpents
  A thrashing horror (Abyss:4)
  A titan zombie (Crypt:2)
  A spriggan berserker (Depths:4)
  7 death yaks
  2 soul eaters
  A deep elf knight (Elf:3)
  A sun demon (D:7)
  3 naga sharpshooters
  2 salamander mystics
  2 iron trolls
  6 skeletal warriors (D:15)
  A goliath frog (Swamp:3)
  2 flayed ghosts
  A glowing orange brain (Zot:2)
  3 mana vipers
  A spatial maelstrom (Abyss:4)
  9 deep trolls
  6 sea snakes
  2 deep elf archers (Elf:1)
  A swamp dragon (Swamp:3)
  2 arcanists (Vaults:4)
  A bog body (Crypt:1)
  8 ironbound convokers
  3 lindwurms
  3 deep elf pyromancers
  3 manticores
  An orc sorcerer (Orc:1)
  2 deep elf zephyrmancers
  2 necromancers
  11 ugly things
  11 moths of wrath
  10 salamanders
  A shining eye (Slime:2)
  A meliai (D:13)
  3 guardian serpents
  13 black mambas
  A water nymph (shapeshifter) (Vaults:4)
  8 vault sentinels
  9 elephants
  2 rust devils (Depths:2)
  5 naga magi
  A torpor snail (Lair:5)
  2 gargoyles
  3 cane toads
  3 apocalypse crabs (WizLab)
  2 freezing wraiths
  A kobold demonologist (Elf:1)
  3 yaktaurs
  3 komodo dragons (Lair:1)
  4 rime drakes
  A red devil (D:9)
  A hellwing (D:6)
  A yaktaur skeleton (Vaults:3)
  3 polar bears (Lair:5)
  A merfolk (shapeshifter) (Elf:3)
  2 trolls
  A tyrant leech (Swamp:2)
  6 blink frogs (Lair:2)
  A meliai zombie (Crypt:1)
  8 dream sheep
  21 slime creatures
  3 air elementals (WizLab)
  A culicivora (Vaults:2)
  2 jumping spiders
  2 wyverns
  A water elemental (Elf:2)
  2 wraiths
  11 yaks
  A deep troll skeleton (Vaults:3)
  Grum (Lair:1)
  A neqoxec (Abyss:1)
  A vampire mosquito (D:14)
  4 wargs
  2 redbacks
  A glowing shapeshifter zombie (Vaults:3)
  A spatial vortex (Abyss:4)
  An acid dragon (D:13)
  A naga (shapeshifter) (D:14)
  25 nagas
  A swamp worm (Swamp:3)
  4 water moccasins
  A two-headed ogre zombie (Crypt:2)
  3 hell hounds (Lair:5)
  An orc warrior (D:12)
  2 laughing skulls
  6 black bears
  18 wolves
  A boggart (Vaults:2)
  A centaur (D:13)
  7 bullfrogs
  A warg zombie (Crypt:2)
  A komodo dragon zombie (Crypt:1)
  A necrophage (Crypt:1)
  5 killer bees (Lair:2)
  2 electric eels (Lair:3)
  A centaur skeleton (Crypt:1)
  An iguana (D:6)
  4 orc wizards
  2 mummies (Crypt:3)
  An adder (D:6)
  A lava snake skeleton (Crypt:2)
  6 orcs
  A gnoll zombie (Crypt:1)
  3 aspiring fleshes (Zot:1)
  3 butterflies (Lair:5)
  2 spectral weapons (Zot:5)
646 creatures vanquished.

Vanquished Creatures (others)
  2 Killer Klowns (Zot:5)
  A tentacled monstrosity (Zot:2)
  An Orb Guardian (Zot:5)
  A shadow dragon (Vaults:4)
  Urug (Zot:5)
  A draconian monk (Zot:3)
  7 orc warlords
  A frost giant (Depths:1)
  A draconian knight (Zot:3)
  A white draconian (Zot:3)
  A deep elf death mage (Elf:3)
  9 orc knights
  A red draconian (Zot:2)
  A fire dragon (Depths:3)
  A hydra (Lair:4)
  A sun demon (Hell)
  2 orc high priests
  A deep elf knight (Elf:3)
  A hell knight (Depths:1)
  An iron troll (Depths:4)
  A deep elf archer (Elf:1)
  An arcanist (D:9)
  4 orc sorcerers
  A moth of wrath (Zot:2)
  14 orc warriors
  4 bloated husks
  A raiju (Lair:5)
  A harpy skeleton (Hell)
  A bombardier beetle (Vaults:4)
  A black bear (Lair:5)
  14 orc wizards
  A lemure (D:4)
  A scorpion (D:5)
  26 orc priests
  22 orcs
  A creeping inferno (Hell)
  64 foxfires
  A lurking horror (Abyss:4)
  28 starspawn tentacles
  4 tentacles (Hell)
227 creatures vanquished.

Grand Total: 2797 creatures vanquished

Notes
Turn   | Place    | Note
-------+----------+-------------------------------------------
     0 | D:5      | Ultraviolent4 the Hill Orc Delver began the quest for the
                  | Orb.
     0 | D:5      | Reached XP level 1. HP: 19/19 MP: 1/1
     8 | D:4      | Noticed a jelly
   181 | D:3      | Reached XP level 2. HP: 27/27 MP: 2/2
   606 | D:1      | Reached XP level 3. HP: 20/33 MP: 3/3
   659 | D:1      | Found a faded altar of an unknown god.
   771 | D:1      | Reached skill level 1 in Armour
  1321 | D:2      | Identified the +0 leather armour "Enkugo" {Str+2 Dex+3
                  | Slay-5}
  1427 | D:2      | Reached XP level 4. HP: 33/40 MP: 4/4
  2629 | D:3      | Became a worshipper of Beogh the Brigand
  2819 | D:3      | Reached skill level 5 in Axes
  3066 | D:3      | Reached skill level 1 in Invocations
  3066 | D:3      | Reached XP level 5. HP: 32/46 MP: 5/5
  4031 | D:4      | Found Nentoz Biyg's Assorted Antiques.
  4034 | D:4      | Bought a metallic golden potion for 24 gold pieces
  4034 | D:4      | Bought a bubbling orange potion for 24 gold pieces
  4034 | D:4      | Bought a bubbling orange potion for 24 gold pieces
  4034 | D:4      | Bought an orange potion for 24 gold pieces
  4034 | D:4      | Bought a moonstone ring for 135 gold pieces
  4062 | D:4      | Noticed a lemure
  4062 | D:4      | Noticed Pikel
  4063 | D:4      | Noticed an ogre
  4067 | D:4      | Killed a lemure
  4304 | D:4      | Found a glowing silver altar of Zin.
  4304 | D:4      | Noticed an angel
  4535 | D:5      | Identified the maw talisman "Kuenuloe" {Dex+3 Slay+5}
  4651 | D:5      | Reached XP level 6. HP: 49/55 MP: 7/7
  4697 | D:5      | Found a white marble altar of Elyvilon.
  4750 | D:5      | Reached skill level 5 in Fighting
  4824 | D:5      | Noticed a black bear
  5008 | D:4      | Killed Pikel
  5009 | D:4      | Reached skill level 5 in Invocations
  5009 | D:4      | Reached XP level 7. HP: 62/62 MP: 8/10
  5149 | D:5      | Found an ancient bone altar of Kikubaaqudgha.
  5188 | D:5      | Reached XP level 8. HP: 67/70 MP: 12/12
  6050 | D:6      | Noticed Prince Ribbit
  6083 | D:6      | Found a staircase to the Ecumenical Temple.
  6106 | D:6      | Reached * piety under Beogh
  6683 | D:6      | Identified the +0 chain mail of Modesty {rN+ Dex+5}
  6771 | D:5      | Killed Prince Ribbit
  6854 | D:5      | Reached XP level 9. HP: 76/78 MP: 14/14
  7124 | Temple   | Entered the Ecumenical Temple
  7575 | D:6      | Found Bokutynt's Vocational Training.
  7736 | D:6      | Reached skill level 1 in Evocations
  7742 | D:6      | Reached skill level 5 in Armour
  7972 | D:6      | Reached skill level 10 in Axes
  8668 | D:7      | Found the +8 trident of the Octopus King {venom, rElec
                  | rPois}
  9044 | D:8      | Noticed a manticore
  9044 | D:8      | Found a shimmering blue altar of Sif Muna.
  9064 | D:8      | Reached ** piety under Beogh
  9191 | D:8      | Noticed Maurice
  9196 | D:8      | Killed Maurice
  9197 | D:8      | Reached skill level 5 in Evocations
  9197 | D:8      | Reached XP level 10. HP: 86/86 MP: 16/16
  9453 | D:8      | Killed a manticore
 10314 | D:9      | Found a bloodstained altar of Trog.
 10315 | D:9      | Noticed a wizard
 10321 | D:9      | Killed a wizard
 10790 | D:9      | Found a staircase to the Orcish Mines.
 11375 | D:10     | Entered Level 10 of the Dungeon
 11599 | D:10     | Noticed a kobold demonologist
 11640 | D:10     | Reached skill level 1 in Shields
 11828 | D:10     | Killed a kobold demonologist
 11891 | D:10     | Reached XP level 11. HP: 90/94 MP: 18/18
 12089 | D:10     | Reached *** piety under Beogh
 12096 | D:10     | Reached skill level 10 in Invocations
 12470 | D:10     | Found Toptatam's Hydra Hut.
 12470 | D:10     | Noticed a five-headed hydra
 12597 | D:10     | Noticed Gastronok
 12620 | D:10     | Killed Gastronok
 12711 | D:10     | Found a staircase to the Lair.
 13045 | D:11     | Noticed a purple ugly thing
 13061 | D:11     | Killed a purple ugly thing
 13610 | D:11     | Noticed a cyclops
 13638 | D:11     | Killed a cyclops
 13679 | D:11     | Noticed a manticore
 13687 | D:11     | Killed a manticore
 13774 | D:11     | Noticed a boulder beetle
 13792 | D:11     | Killed a boulder beetle
 13793 | D:11     | Reached XP level 12. HP: 98/104 MP: 20/20
 14393 | D:12     | Reached skill level 15 in Axes
 14979 | Orc:1    | Entered Level 1 of the Orcish Mines
 15189 | D:12     | Identified the +0 cloak "Vahit" {Int+4 Dex+2 SInv}
 15291 | D:10     | Bought a +1 war axe of flaming for 226 gold pieces
 15339 | Lair:1   | Entered Level 1 of the Lair of Beasts
 15932 | Lair:1   | Noticed Grum
 15936 | Lair:1   | Reached **** piety under Beogh
 15941 | Lair:1   | Noticed a boulder beetle
 15943 | Lair:1   | Killed Grum
 15952 | Lair:1   | Reached skill level 5 in Shields
 15957 | Lair:1   | Killed a boulder beetle
 16533 | Lair:2   | Reached skill level 10 in Fighting
 16892 | Lair:2   | Noticed a six-headed hydra
 16899 | Lair:2   | Killed a six-headed hydra
 17224 | Lair:2   | Reached XP level 13. HP: 86/113 MP: 23/23
 17438 | Lair:2   | Noticed Sonja
 17439 | Lair:2   | Killed Sonja
 18008 | Lair:2   | Gained Geork as an ally
 18166 | Lair:3   | Gained Nordag as an ally
 18212 | Lair:3   | Found a frozen archway.
 18219 | IceCv    | Entered an ice cave
 18683 | IceCv    | Noticed a reaper
 18696 | IceCv    | Killed a reaper
 18786 | IceCv    | dying to clouds
 19726 | IceCv    | Got Sif Muna's Handbook of the Deep Freeze
 19957 | Lair:3   | Found a staircase to the Snake Pit.
 20719 | Lair:3   | Found a staircase to the Swamp.
 21399 | Lair:4   | Noticed Urug
 21487 | Lair:5   | Entered Level 5 of the Lair of Beasts
 21502 | Lair:5   | Reached skill level 15 in Invocations
 22210 | Lair:4   | Reached XP level 14. HP: 114/124 MP: 25/25
 22422 | Lair:5   | Reached skill level 10 in Armour
 23062 | Lair:5   | Reached skill level 10 in Shields
 23062 | Lair:5   | Reached XP level 15. HP: 132/132 MP: 26/26
 23805 | Lair:4   | Noticed Josephine
 24558 | D:13     | Found Buhano's Weapon Boutique.
 25176 | D:13     | Your ally Geork died
 25408 | D:13     | Found a gate to the Vaults.
 26020 | D:14     | Found a transporter.
 26074 | D:14     | Found a transporter.
 26074 | D:14     | Found Veafo's Weapon Shoppe.
 26153 | D:14     | Reached XP level 16. HP: 141/141 MP: 28/28
 26894 | D:15     | Entered Level 15 of the Dungeon
 27989 | Orc:1    | Found a roughly hewn altar of Beogh.
 28114 | Orc:1    | Noticed Jorgrun
 28121 | Orc:1    | Killed Jorgrun
 28246 | Orc:2    | Entered Level 2 of the Orcish Mines
 28792 | Orc:2    | Found a staircase to the Elven Halls.
 28875 | Orc:1    | Noticed Erica
 28880 | Orc:1    | Killed Erica
 28890 | Orc:1    | Gained mutation: You have supernaturally acute eyesight.
                  | (SInv) [potion of mutation]
 28890 | Orc:1    | Gained mutation: You are agile. (Dex +4, Str/Int -1)
                  | [potion of mutation]
 28890 | Orc:1    | Gained mutation: You are partially covered in large bone
                  | plates. (SH +4) [potion of mutation]
 29539 | Orc:2    | Paralysed by an orc sorcerer for 2 turns
 29954 | Orc:2    | Found Iwut's Jewellery Shoppe.
 29959 | Orc:2    | Found Miubuph's Book Shop.
 29966 | Orc:2    | Found Nafug's Armour Shop.
 29972 | Orc:2    | Found Woush's General Store.
 29980 | Orc:2    | Bought a wand of mindburst (10) for 210 gold pieces
 29996 | Orc:2    | Bought a +5 ring of evasion for 540 gold pieces
 30176 | Swamp:1  | Entered Level 1 of the Swamp
 31061 | Swamp:1  | Noticed a fenstrider witch
 31064 | Swamp:1  | Killed a fenstrider witch
 31365 | Swamp:2  | Reached skill level 15 in Fighting
 31472 | Swamp:2  | Identified the +4 long sword of the Toadstool {protect,
                  | Int+2}
 32591 | Swamp:3  | Noticed Donald
 32609 | Swamp:3  | Killed Donald
 32731 | Swamp:3  | Reached XP level 17. HP: 68/158 MP: 30/30
 33334 | Swamp:4  | Entered Level 4 of the Swamp
 33668 | Swamp:3  | Reached ***** piety under Beogh
 34115 | Swamp:4  | Your ally Nordag died
 34826 | Orc:2    | Bought a phantom mirror for 600 gold pieces
 35141 | Swamp:4  | Noticed the 27-headed Lernaean hydra
 35143 | Swamp:4  | Killed the 27-headed Lernaean hydra
 35223 | Swamp:4  | Got a decaying rune of Zot
 35463 | Snake:1  | Entered Level 1 of the Snake Pit
 35686 | Snake:1  | Gained Bogwald as an ally
 36589 | Snake:1  | Gained Bogwald as an ally
 36833 | Snake:1  | Identified the +8 hand axe of Victory {speed, Fly rC- Will+
                  | Dex+3}
 36875 | Snake:1  | Gained Thorok as an ally
 36947 | Snake:1  | Found Beduy's Magic Scroll Shoppe.
 37667 | Snake:2  | Reached XP level 18. HP: 167/172 MP: 32/32
 37901 | Snake:2  | Found Nashyenna's Jewellery Boutique.
 38327 | Snake:2  | Identified the ring "Geepaab" {rF+ AC+4 Int+2}
 38328 | Snake:2  | Reached ****** piety under Beogh
 38678 | Snake:3  | Found Pumopp's Antique Armour Shop.
 38683 | Snake:3  | Bought a pair of runed boots for 285 gold pieces
 38822 | Snake:3  | Noticed Vashnia
 38828 | Snake:3  | Killed Vashnia
 39241 | Snake:3  | Gained Herok as an ally
 39923 | Snake:4  | Entered Level 4 of the Snake Pit
 41596 | Snake:4  | Got a serpentine rune of Zot
 41905 | Vaults:1 | Entered Level 1 of the Vaults
 42236 | Vaults:1 | Reached XP level 19. HP: 179/184 MP: 33/33
 42360 | Vaults:1 | Found the +8 autumn katana {manifold assault}
 42719 | Vaults:1 | Gained Morguth as an ally
 42727 | Vaults:1 | Gained Bogrim as an ally
 42728 | Vaults:1 | Reached skill level 15 in Armour
 43051 | Vaults:1 | Found Otsi's General Store.
 43223 | Vaults:1 | Identified the +3 orcbow "Xicvair" {freeze, rElec rC+ Str-2
                  | Dex+2}
 43491 | Vaults:1 | Found a portal to a secret trove of treasure.
 43719 | Vaults:1 | Paralysed by a formless jellyfish for 1 turns
 44715 | Vaults:2 | Noticed Bai Suzhen
 44767 | Vaults:1 | Killed Bai Suzhen
 45143 | Vaults:2 | Identified the +4 orcbow "Xahur" {flame, rElec rN+}
 46136 | Vaults:3 | Identified a scroll of acquirement
 46137 | Vaults:3 | Acquired a ring of willpower
 46146 | Vaults:3 | Found a magical portal.
 46155 | WizLab   | Entered The Chambers of the Cloud Mage
 46472 | WizLab   | Gained Warbeogh as an ally
 46802 | WizLab   | Paralysed by an air elemental for 1 turns
 46808 | WizLab   | Paralysed by an air elemental for 1 turns
 46856 | WizLab   | Paralysed by an air elemental for 1 turns
 46901 | WizLab   | Paralysed by an air elemental for 1 turns
 46907 | WizLab   | Paralysed by an air elemental for 1 turns
 47181 | WizLab   | Paralysed by an air elemental for 1 turns
 47184 | WizLab   | Paralysed by an air elemental for 1 turns
 47274 | WizLab   | Noticed Hiczucw
 47279 | WizLab   | Killed Hiczucw the Cloud Mage
 47415 | WizLab   | Reached XP level 20. HP: 196/198 MP: 35/35
 47448 | WizLab   | Got the Spellbook of the Flinty Salvo
 47860 | Vaults:3 | Identified the +2 great sword of Ylizxapu {elec, ^Fragile
                  | rPois rCorr Dex+5 Stlth+}
 48065 | Vaults:3 | Noticed Nikola
 48077 | Vaults:3 | Killed Nikola
 48653 | Vaults:3 | Identified the +6 sling of Roudomiq {drain, rElec rC+
                  | rCorr}
 48952 | Vaults:3 | Found a staircase to the Crypt.
 49507 | Vaults:4 | Gained Gorm as an ally
 49570 | Vaults:4 | Your ally Gorm died
 49659 | Vaults:4 | Found a crumbling gateway.
 49668 | Desolati | Entered the Desolation of Salt
 49804 | Desolati | Reached skill level 15 in Shields
 50355 | Desolati | Found the +9 sword of Power {lifebolt}
 50359 | Desolati | Identified the ring "Wahuorin" {rPois AC+4 Dex+2}
 50364 | Desolati | Identified the +3 pair of gloves of Jicih {SInv}
 50377 | Desolati | Lost mutation: You have supernaturally acute eyesight.
                  | (SInv) [potion of mutation]
 50377 | Desolati | Lost mutation: You are agile. (Dex +4, Str/Int -1) [potion
                  | of mutation]
 50377 | Desolati | Gained mutation: You have large cloven feet. [potion of
                  | mutation]
 50377 | Desolati | Gained mutation: You have an increased reservoir of magic.
                  | (+10% MP) [potion of mutation]
 50402 | Desolati | Identified the +2 trident "Woywimy" {flame, rElec rC+
                  | Dex+3}
 50497 | Desolati | Found the +10 zealot's sword {holy, Zealotry, *Rage rN+
                  | EV+3}
 50503 | Desolati | Identified the +7 crystal plate armour "Qerukamag" {Rampage
                  | rC+ Int-3 SInv}
 50516 | Desolati | Identified the +1 ring mail of Sloth {Str-3 Dex+7}
 50520 | Desolati | Identified the ring of Jireicli {Ice Will- Str+3 Int+3
                  | Dex+6}
 50868 | Desolati | Identified the amulet "Fefabb" {RegenMP Regen+}
 50871 | Desolati | Got the Writings on Charms
 52718 | Elf:1    | Entered Level 1 of the Elven Halls
 52734 | Elf:1    | Reached XP level 21. HP: 204/209 MP: 40/40
 52908 | Elf:1    | Found a transporter.
 52935 | Elf:1    | Noticed yakattack's ghost (adept FeIE)
 53147 | Elf:1    | Found a transporter.
 53147 | Elf:1    | Identified the amulet of Noon {Acrobat Will+}
 53208 | Elf:1    | Found a shimmering blue altar of Sif Muna.
 53367 | Elf:1    | Gained Bogwik as an ally
 53629 | Elf:2    | Identified the +5 ring mail of Yesterday {Str+2 SInv}
 53824 | Elf:2    | Gained Jorge as an ally
 53994 | Elf:2    | Found a runed translucent gate.
 53994 | Elf:2    | Found a runed translucent gate.
 53994 | Elf:2    | Found a runed translucent gate.
 54403 | Elf:3    | Entered Level 3 of the Elven Halls
 54515 | Elf:3    | Found Akki's Jewellery Boutique.
 54790 | Elf:3    | Paralysed by an air elemental for 1 turns
 54793 | Elf:3    | Paralysed by an air elemental for 1 turns
 56428 | Elf:3    | Identified the +6 leather armour "Fiddoat" {+Blink rElec
                  | rN++}
 56443 | Elf:3    | Identified the +9 short sword "Secret Weapon" {vamp, rPois
                  | Int+2 Dex+5}
 57789 | Elf:3    | Identified the +0 troll leather armour of the Giraffatuar
                  | {Rampage rF++ Regen+ Str-2 Dex-2}
 57875 | Elf:3    | Identified the staff of Depioned {Conj Air}
 57884 | Elf:3    | Got the Excursus on Shadowy Misfortune
 58342 | D:15     | Found a staircase to the Depths.
 58408 | D:15     | Found a burning altar of Makhleb.
 58654 | Depths:1 | Entered Level 1 of the Depths
 59286 | Lair:4   | Killed Josephine
 59345 | Lair:4   | Identified the +6 long sword of Precise Incision {flame,
                  | +Blink rPois rCorr Stlth+}
 59540 | Lair:4   | Killed Urug
 59597 | Lair:4   | Found a viscous altar of Jiyva.
 59599 | Lair:4   | Found a staircase to the Slime Pits.
 60230 | Depths:1 | Reached XP level 22. HP: 189/222 MP: 42/42
 60421 | Depths:1 | Identified the +1 flail of Drought {drain, rPois rF+ rCorr}
 60538 | Depths:1 | Found a runed translucent gate.
 60538 | Depths:1 | Found a runed translucent gate.
 60538 | Depths:1 | Found a runed translucent gate.
 60538 | Depths:1 | Noticed Jeut's ghost (veteran MiFi)
 60540 | Depths:1 | Found a basalt altar of Yredelemnul.
 60977 | Depths:1 | Found a gateway to Hell.
 61421 | Depths:2 | Found an ornate altar of the Wu Jian Council.
 62039 | Depths:2 | Found a one-way gate to the infinite horrors of the Abyss.
 62193 | Depths:2 | Gained Arbeogh as an ally
 62283 | Depths:2 | Found a one-way gateway to a ziggurat.
 62565 | Depths:2 | Your ally Arbeogh died
 62633 | Depths:2 | Found a one-way gate leading to the halls of Pandemonium.
 63097 | Depths:2 | Gained Orkrul as an ally
 63863 | Depths:2 | Noticed a juggernaut
 63871 | Depths:2 | Killed a juggernaut
 64770 | Depths:3 | Noticed a golden dragon
 64779 | Depths:3 | Noticed a golden dragon
 64783 | Depths:3 | Killed a golden dragon
 64812 | Depths:3 | Killed a golden dragon
 65251 | Depths:3 | Got the Incunabulum of Bile
 65580 | Depths:3 | Reached XP level 23. HP: 94/234 MP: 41/44
 66328 | Depths:3 | Found a white marble altar of Elyvilon.
 66547 | Depths:4 | Entered Level 4 of the Depths
 66552 | Depths:4 | Identified the +0 scale mail of Keybbik {rN++ Will+ rCorr
                  | Int+2}
 66687 | Depths:4 | Gained Warrok as an ally
 66691 | Depths:4 | Noticed a golden dragon
 66961 | Depths:4 | Reached skill level 27 in Invocations
 67340 | Depths:4 | Found a gate to the Realm of Zot.
 67414 | Depths:4 | Killed a golden dragon
 69022 | Vaults:5 | Entered Level 5 of the Vaults
 69758 | Vaults:5 | Noticed a dread lich
 69852 | Vaults:4 | Killed a dread lich
 69867 | Vaults:5 | Identified the ring "Taulewusm" {Fly rF+ Dex+4}
 70456 | Vaults:5 | Noticed an ancient lich
 70467 | Vaults:5 | Killed an ancient lich
 70648 | Vaults:5 | Reached skill level 5 in Dodging
 70729 | Vaults:5 | Reached XP level 24. HP: 214/239 MP: 44/44
 71007 | Vaults:5 | Noticed an ancient lich
 71017 | Vaults:5 | Killed an ancient lich
 71080 | Vaults:5 | Noticed an ancient lich
 71432 | Vaults:5 | Noticed a dread lich
 71573 | Vaults:5 | Killed a dread lich
 72031 | Vaults:5 | Identified the ring of Arrival {Fly rElec rPois Str+3
                  | Stlth-}
 72044 | Vaults:5 | Killed an ancient lich
 72427 | Vaults:5 | Reached skill level 27 in Fighting
 72593 | Vaults:5 | Got the Quarto of Altruism
 72882 | Vaults:5 | Identified the staff of the Endless March {rElec rF+ Will-
                  | rCorr Fire Alchemy}
 72964 | Vaults:5 | Got a silver rune of Zot
 73327 | Vaults:5 | Identified the +0 leather armour of Negation {rN+}
 73608 | Depths:2 | Voluntarily entered the Abyss.
 73608 | Abyss:1  | Found a corrupted altar of Lugonu.
 73759 | Abyss:1  | Found a corrupted altar of Lugonu.
 73865 | Abyss:1  | Found a blossoming altar of Fedhas.
 74288 | Depths:2 | Escaped the Abyss
 74818 | Slime:1  | Entered Level 1 of the Pits of Slime
 74859 | Slime:2  | Gained mutation: Your body sometimes deteriorates upon
                  | taking damage. [a shining eye]
 75501 | Slime:2  | Gained Garbold as an ally
 75701 | Slime:2  | Lost mutation: Your body sometimes deteriorates upon taking
                  | damage. [a shining eye]
 75827 | Slime:4  | Reached XP level 25. HP: 257/257 MP: 44/44
 75943 | Slime:5  | Entered Level 5 of the Pits of Slime
 76194 | Slime:5  | Found a viscous altar of Jiyva.
 76194 | Slime:5  | Noticed the Royal Jelly
 76242 | Slime:5  | Killed the Royal Jelly
 76751 | Slime:5  | Found the +15 Maxwell's patent armour {-Cast -Tele rElec
                  | Will+ rCorr}
 77081 | Slime:5  | Got the Guidebook on Venin and Conjuration
 77083 | Slime:5  | Got a slimy rune of Zot
 77089 | Slime:5  | Identified the +0 leather armour of Peall {*Corrode Will++}
 77114 | Slime:5  | Identified the ring "Ninur" {rPois Str+4 Int+6}
 77146 | Slime:5  | Identified the staff of Quick Death {Fly rC+ MP-9 Tloc Ice}
 77152 | Slime:5  | Identified the ring of Lust {Wiz rC+}
 77157 | Slime:5  | Identified the +3 leather armour of Alokeq {Fly}
 77480 | Crypt:1  | Entered Level 1 of the Crypt
 77647 | Crypt:1  | Gained Borgoth as an ally
 77649 | Crypt:1  | Your ally Borgoth died
 77663 | Crypt:1  | Gained Bogwald as an ally
 79047 | Crypt:2  | Identified the +2 robe of Proximity {rElec Dex+3}
 79634 | Crypt:2  | Noticed a dread lich
 79662 | Crypt:2  | Killed a dread lich
 79877 | Crypt:2  | Found a basalt altar of Yredelemnul.
 79879 | Crypt:2  | Found the +9 staff of Olgreb {rPois∞}
 80166 | Crypt:3  | Entered Level 3 of the Crypt
 80454 | Crypt:3  | Reached skill level 10 in Dodging
 80467 | Crypt:3  | Noticed Jory
 80484 | Crypt:3  | Killed Jory
 80915 | Crypt:3  | Identified the staff of Taahinko {^Fragile rN+ Hexes Summ
                  | Necro Tloc}
 80918 | Crypt:3  | Got the Parchment of Violence and Coordinates
 81195 | Crypt:3  | Identified the +0 scimitar of Anguish {antimagic, Fly rElec
                  | Int-2 SInv}
 81308 | Crypt:3  | Identified the staff of Cruel Justice {rF+ rN+ Fire}
 81331 | Crypt:3  | Found a staircase to the Tomb.
 81698 | Crypt:3  | Reached XP level 26. HP: 220/266 MP: 44/44
 81954 | Crypt:3  | Found an ancient bone altar of Kikubaaqudgha.
 82006 | Crypt:3  | Noticed an ancient lich
 82022 | Crypt:3  | Killed an ancient lich
 82580 | D:6      | Bought a manual of Evocations for 960 gold pieces
 82877 | Depths:2 | Voluntarily entered the Abyss.
 82877 | Abyss:1  | Found a corrupted altar of Lugonu.
 83101 | Abyss:1  | Gained Horkud as an ally
 83114 | Abyss:1  | Your ally Horkud died
 83138 | Abyss:1  | Found a corrupted altar of Lugonu.
 83144 | Abyss:1  | Gained Ogrik as an ally
 83203 | Abyss:1  | Found a corrupted altar of Lugonu.
 83210 | Abyss:1  | Your ally Ogrik died
 83223 | Abyss:1  | Gained mutation: You are vulnerable to cold. (rC-) [a
                  | cacodemon]
 83414 | Abyss:1  | Gained Olfrun as an ally
 83433 | Depths:2 | Escaped the Abyss
 83452 | Depths:2 | Voluntarily entered the Abyss.
 84006 | Abyss:4  | Gained Bogmar as an ally
 84030 | Abyss:4  | Your ally Bogmar died
 84279 | Abyss:4  | Reached skill level 10 in Evocations
 84292 | Abyss:4  | Got an abyssal rune of Zot
 84296 | Abyss:4  | Gained Boldo as an ally
 84302 | Abyss:4  | Your ally Boldo died
 84339 | Abyss:4  | Gained Garbold as an ally
 84365 | Depths:2 | Escaped the Abyss
 84675 | Zot:1    | Entered Level 1 of the Realm of Zot
 84934 | Zot:1    | Your ally Olfrun died
 85904 | Zot:1    | Identified the +2 pair of boots of the Wild Haggis {Rampage
                  | rCorr}
 86648 | Zot:2    | Noticed a dread lich
 86650 | Zot:2    | Noticed a dread lich
 86663 | Zot:2    | Killed a dread lich
 86891 | Zot:2    | Killed a dread lich
 86903 | Zot:2    | Reached XP level 27. HP: 262/273 MP: 0/44
 87207 | Zot:2    | Lost mutation: You are vulnerable to cold. (rC-) [potion of
                  | mutation]
 87207 | Zot:2    | Lost mutation: You have an increased reservoir of magic.
                  | (+10% MP) [potion of mutation]
 87207 | Zot:2    | Gained mutation: You possess an exceptional clarity of
                  | mind. [potion of mutation]
 87207 | Zot:2    | Gained mutation: You are dopey. (Int -2) [potion of
                  | mutation]
 87942 | Zot:3    | Identified the ring of Olucsi Usyat {rF- rC+ rN++ Will+
                  | AC+4}
 88490 | Zot:3    | Your ally Herok died
 88491 | Zot:3    | Noticed an orb of fire
 88494 | Zot:3    | Killed an orb of fire
 88582 | Zot:3    | Identified the +8 hand axe of Fecsonug {drain, rElec}
 90044 | Zot:5    | Entered Level 5 of the Realm of Zot
 90621 | Zot:5    | Your ally Urug died
 91107 | Zot:5    | Noticed a dread lich
 91110 | Zot:5    | Killed a dread lich
 91112 | Zot:5    | Noticed an ancient lich
 91112 | Zot:5    | Noticed an orb of fire
 91114 | Zot:5    | Noticed an orb of fire
 91115 | Zot:5    | Gained mutation: You occasionally lose the ability to read
                  | scrolls when taking damage. [an orb of fire]
 91115 | Zot:5    | Gained mutation: Your magical capacity is low. (-10% MP)
                  | [mutagenic glow]
 91116 | Zot:5    | Killed an orb of fire
 91120 | Zot:5    | Gained mutation: Your body sometimes deteriorates upon
                  | taking damage. [an orb of fire]
 91122 | Zot:5    | Gained mutation: You do not regenerate when monsters are
                  | visible. [mutagenic glow]
 91124 | Zot:5    | Your ally Warbeogh died
 91127 | Zot:5    | Killed an orb of fire
 91128 | Zot:5    | Noticed an orb of fire
 91129 | Zot:5    | Killed an ancient lich
 91129 | Zot:5    | Your ally Herok died
 91133 | Zot:5    | Your ally Orkrul died
 91133 | Zot:5    | Gained mutation: Your body often deteriorates upon taking
                  | damage. [mutagenic glow]
 91134 | Zot:5    | Killed an orb of fire
 91138 | Zot:5    | Your ally Morguth died
 91139 | Zot:5    | Reached skill level 15 in Evocations
 91142 | Zot:5    | Gained mutation: You are very dopey. (Int -4) [mutagenic
                  | glow]
 91144 | Zot:5    | Your ally Bogrim died
 91415 | Zot:5    | Lost mutation: You do not regenerate when monsters are
                  | visible. [potion of mutation]
 91415 | Zot:5    | Lost mutation: You occasionally lose the ability to read
                  | scrolls when taking damage. [potion of mutation]
 91415 | Zot:5    | Lost mutation: You are partially covered in large bone
                  | plates. (SH +4) [potion of mutation]
 91415 | Zot:5    | Gained mutation: You have a pair of small antennae on your
                  | head. [potion of mutation]
 91415 | Zot:5    | Gained mutation: You occasionally lose the ability to read
                  | scrolls when taking damage. [potion of mutation]
 91415 | Zot:5    | Gained mutation: You have a pair of antennae on your head.
                  | [potion of mutation]
 91416 | Zot:5    | Lost mutation: You are very dopey. (Int -4) [potion of
                  | mutation]
 91416 | Zot:5    | Lost mutation: You are dopey. (Int -2) [potion of mutation]
 91416 | Zot:5    | Lost mutation: You occasionally lose the ability to read
                  | scrolls when taking damage. [potion of mutation]
 91416 | Zot:5    | Gained mutation: You are weak. (Str -2) [potion of
                  | mutation]
 91417 | Zot:5    | Lost mutation: Your body often deteriorates upon taking
                  | damage. [potion of mutation]
 91417 | Zot:5    | Lost mutation: You are weak. (Str -2) [potion of mutation]
 91417 | Zot:5    | Lost mutation: You possess an exceptional clarity of mind.
                  | [potion of mutation]
 91417 | Zot:5    | Gained mutation: You are clumsy. (Dex -2) [potion of
                  | mutation]
 91417 | Zot:5    | Gained mutation: You occasionally lose the ability to read
                  | scrolls when taking damage. [potion of mutation]
 91417 | Zot:5    | Gained mutation: Your flesh is heat resistant. (rF+)
                  | [potion of mutation]
 91418 | Zot:5    | Lost mutation: Your magical capacity is low. (-10% MP)
                  | [potion of mutation]
 91418 | Zot:5    | Lost mutation: Your flesh is heat resistant. (rF+) [potion
                  | of mutation]
 91418 | Zot:5    | Lost mutation: You occasionally lose the ability to read
                  | scrolls when taking damage. [potion of mutation]
 91418 | Zot:5    | Gained mutation: Your muscles are strong. (Str +4, Int/Dex
                  | -1) [potion of mutation]
 91419 | Zot:5    | Lost mutation: You are clumsy. (Dex -2) [potion of
                  | mutation]
 91419 | Zot:5    | Lost mutation: You have large cloven feet. [potion of
                  | mutation]
 91419 | Zot:5    | Gained mutation: You passively map a small area around you.
                  | [potion of mutation]
 91419 | Zot:5    | Gained mutation: You are agile. (Dex +4, Str/Int -1)
                  | [potion of mutation]
 91419 | Zot:5    | Gained mutation: You are partially covered in large bone
                  | plates. (SH +4) [potion of mutation]
 91420 | Zot:5    | Lost mutation: Your body sometimes deteriorates upon taking
                  | damage. [potion of mutation]
 91420 | Zot:5    | Lost mutation: You have a pair of antennae on your head.
                  | [potion of mutation]
 91420 | Zot:5    | Lost mutation: You have a pair of small antennae on your
                  | head. [potion of mutation]
 91420 | Zot:5    | Gained mutation: You occasionally lose the ability to drink
                  | potions when taking damage. [potion of mutation]
 91420 | Zot:5    | Lost mutation: You are agile. (Dex +4, Str/Int -1) [potion
                  | of mutation]
 91421 | Zot:5    | Lost mutation: You occasionally lose the ability to drink
                  | potions when taking damage. [potion of mutation]
 91421 | Zot:5    | Lost mutation: You are partially covered in large bone
                  | plates. (SH +4) [potion of mutation]
 91421 | Zot:5    | Gained mutation: You are partially covered in iridescent
                  | scales. (AC +2) [potion of mutation]
 91421 | Zot:5    | Lost mutation: You are partially covered in iridescent
                  | scales. (AC +2) [potion of mutation]
 91661 | Zot:5    | Noticed an orb of fire
 91663 | Zot:5    | Noticed an orb of fire
 91665 | Zot:5    | Gained mutation: Your flesh is cold resistant. (rC+) [an
                  | orb of fire]
 91666 | Zot:5    | Killed an orb of fire
 91669 | Zot:5    | Gained mutation: Your magical capacity is low. (-10% MP)
                  | [an orb of fire]
 91671 | Zot:5    | Killed an orb of fire
 91684 | Zot:5    | Noticed an ancient lich
 91687 | Zot:5    | Noticed an orb of fire
 91690 | Zot:5    | Killed an orb of fire
 91695 | Zot:5    | Killed an ancient lich
 91698 | Zot:5    | Noticed an orb of fire
 91701 | Zot:5    | Your ally Garbold died
 91702 | Zot:5    | Killed an orb of fire
 91705 | Zot:5    | Noticed an orb of fire
 91708 | Zot:5    | Noticed an orb of fire
 91709 | Zot:5    | Killed an orb of fire
 91711 | Zot:5    | Killed an orb of fire
 91724 | Zot:5    | Killed an orb of fire
 91889 | Zot:5    | Noticed a dread lich
 91899 | Zot:5    | Killed a dread lich
 92199 | Hell     | Entered the Vestibule of Hell
 92199 | Hell     | Noticed Geryon
 92833 | Hell     | Killed Geryon
 92987 | Hell     | Found a gateway to the freezing wastes of Cocytus.
 93092 | Hell     | Found a gateway to the Iron City of Dis.
 93221 | Hell     | Found a gateway to the ashen valley of Gehenna.
 93306 | Hell     | Found a gateway to the decaying netherworld of Tartarus.
 93549 | Zot:5    | Got the Orb of Zot
 93901 | D:9      | Noticed Wamonueh the pandemonium lord
 93912 | D:9      | Killed Wamonueh the pandemonium lord
 93982 | D:7      | Reached skill level 27 in Armour
 94014 | D:6      | Noticed Taetoe the pandemonium lord
 94101 | D:$      | Escaped with the Orb!

Illustrated notes

#.. ##...## #.. #####
##...# #..###...##
#...## #....)....##
#...## #.§§...##...○.§#
##...## ##☼§☼≈.
###..☼°######...#
#§.......#.§§§○#§§§##..#
####.. #.....#§§§.○#..##
..##....####@##☼..##
.......### #####..####
....### #8#....#8# #
..........# ...........#
............#
#..........##
##..........
##........##


Turn 18786 on IceCv: dying to clouds

Levels and vault maps discovered:
D:1:      psy_arrival_spokes, layout_basic,
          ebering_ecumenical_altar_sacrificial, serial_glass, glass_columns_a,
          glass_columns_b, glass_columns_a, glass_columns_c,
          minmay_strange_pillars, due_unseen_surprise, feat_on_display,
          minivault_23
D:2:      layout_loops_corners, minmay_misc_feat_pillars
D:3:      layout_basic, kennysheep_generic_room_16
D:4:      layout_loops_ring, zin_angel, serial_shops, kennysheep_mini,
          supply_closet_lemuel, due_unseen_surprise, uniq_pikel
D:5:      layout_loops_cross, mainiacjoe_overflow_small_starburst,
          mainiacjoe_overflow_brackets
D:6:      layout_rooms, minmay_temple_entry_arrows, nicolae_shop_vocational,
          uniq_prince_ribbit1
D:7:      layout_loops_ring
D:8:      layout_rooms, nicolae_sif_muna_condensation, serial_rivers,
          chequers_serial_rivers_micro_a, chequers_serial_rivers_micro_e,
          chequers_serial_rivers_micro_e, chequers_serial_rivers_room_a,
          chequers_serial_rivers_micro_d, chequers_serial_rivers_room_b,
          uniq_maurice
D:9:      layout_cave_pods, trog_wizard, orc_0_dummy
D:10:     layout_basic, grunt_lair_entry_orc_guard_hut, doesnt_shop_hydraphobe,
          uniq_gastronok
D:11:     layout_loops_ring
D:12:     layout_long_grid, nicolae_straight_to_the_point
D:13:     layout_irregular_city, david_vaults_1, serial_shops,
          nicolae_shop_bloodbath_and_beyond
D:14:     layout_irregular_city, serial_column_ruins, column_ruins_open_tiny,
          column_ruins_grid_4, column_ruins_columns_dead_end,
          column_ruins_grid_1, column_ruins_columns_straight,
          column_ruins_grid_1, column_ruins_grid_3,
          minmay_misc_feat_four_crosses, serial_shops, nicolae_shop_drivethru
D:15:     gammafunk_depths_entry_grave, layout_irregular_city, bloody_makhleb
Temple:   minmay_crystal_spiral_temple
Lair:1:   layout_cave_shapes, nicolae_quartered_pool_super,
          grunt_forest_stairs_basic, uniq_grum
Lair:2:   layout_loops_ring, special_room [special_room_bee],
          gauntlet_entry_generic, uniq_sonja
Lair:3:   layout_cave_pods, mainiacjoe_swamp_entry_lozenge_pond,
          guppyfry_snake_entry_garden, portal_ice_cave_entry_pillars_2,
          serial_bayou_pond_e, fungi_pond_lemuel, nicolae_lair_liquid_snakes,
          infiniplex_staircase_pool
Lair:4:   layout_roguey, slime_entry_1, uniq_josephine, uniq_urug
Lair:5:   hangedman_lair_caniforms_friends, layout_gridlike, grunt_megastairs_4,
          lemuel_fruit_fields
Swamp:1:  layout_basic_swamp, hangedman_swamp_ruin_hall, swamp_pool_1_2,
          nicolae_swamp_spooky_pond
Swamp:2:  layout_basic_swamp, evilmike_swamp_ruin_house_4, grunt_hermit_hut
Swamp:3:  layout_falls_marsh, evilmike_swamp_ruin_rubble_2, uniq_donald
Swamp:4:  grunt_swamp_rune_castle, layout_basic_swamp, swamp_pool_1_2,
          nicolae_swamp_no_escape
Snake:1:  layout_grid_maze, serial_shops, nicolae_shop_getting_attention
Snake:2:  layout_basic, serial_shops, nicolae_shop_gaudy_bauble, drop_trap,
          corexii_hall_statues_i, hangedman_snake_corridor_split
Snake:3:  layout_cave_pods, serial_shops, nicolae_shop_rolling_square,
          uniq_vashnia
Snake:4:  grunt_snake_rune_pools, layout_cave_town, grunt_megastairs_3
Slime:1:  cheibrodos_slime_lost_civilization_10, layout_caves
Slime:2:  layout_caves, special_room [special_room_jelly],
          nicolae_slime_rock_hall_of_fame
Slime:3:  layout_caves
Slime:4:  layout_caves
Slime:5:  slime_pit
Orc:1:    layout_caves, basic_altar, uniq_erica, uniq_jorgrun
Orc:2:    st_orc_elflike, layout_caves, regret_index_minedec_shroomtown_chain
Elf:1:    nicolae_elf_arrival_fired_up, layout_rooms, gammafunk_ghost_arena,
          basic_altar, hangedman_elf_disciples
Elf:2:    elven_hall_of_blades_hangedman_original
          [nicolae_blade_entry_hurt_lockers], layout_loops_cross,
          serial_co_window_serial, co_window_cross_1,
          co_window_of_opportunity_a, co_window_corner_a, co_window_paths_a,
          co_window_paths_b, co_window_of_opportunity_a, co_window_paths_a,
          co_window_cross_4, co_window_corner_b, co_window_corner_ca,
          glass_columns_b
Elf:3:    grunt_elf_hall_asides, layout_geoelf_diagonals, serial_shops, shop
Vaults:1: hangedman_vaults_corner, nicolae_vaults_tangram_2,
          ontoclasm_vaults_ligature, nicolae_vaults_closet_pinwheel_4,
          v_misc_30, nicolae_vaults_two_Ls, nicolae_vaults_little_squares_1,
          v_misc_26, st_more_cells, ontoclasm_vaults_spin,
          nicolae_vaults_weapon_check, layout_vaults_ring, serial_shops, shop,
          nicolae_trove_entry_path_of_doom
Vaults:2: st_star, ontoclasm_vaults_ring_square,
          nicolae_vaults_little_squares_2, hangedman_vaults_snaps,
          vaults_dpeg_encased_lava, nicolae_vaults_closet_pinwheel_6,
          grunt_vaults_trifunnel, grunt_vaults_funnel,
          nicolae_vaults_three_branches, nicolae_vaults_sealed_display,
          vaults_room_door_ring, nicolae_vaults_trapezoid_3,
          nicolae_vaults_theta, layout_vaults_big_cross, uniq_bai_suzhen
Vaults:3: infiniplex_enter_wizlab_water, v_misc_11, vaults_room_corners,
          nicolae_vaults_sightless_eye, nicolae_vaults_network_star, v_misc_13,
          vaults_dpeg_hooks, nicolae_vaults_hexular_roomagon,
          nicolae_vaults_double_plus_3, layout_vaults_chaotic_city,
          blue_anna_dwarven_crypt, uniq_nikola
Vaults:4: portal_desolation_entry_garden, vaults_mumra_hexcomb,
          hangedman_vaults_variations, nicolae_vaults_double_plus_3, v_misc_26,
          v_pattern_4, nicolae_vaults_tetromino_Z_2, layout_vaults_omnigrid
Vaults:5
Crypt:1:  cheibrodos_crypt_down_in_the_bonehoard, layout_misc_corridors,
          due_unseen_surprise, uniq_josephina
Crypt:2:  layout_catacombs, nicolae_crypt_vampire_mansion
Crypt:3:  quadcrypt_mu, uniq_jory
Depths:1: layout_basic, grunt_mini_vestibule, minmay_misc_feat_columns,
          reono_crystal_passage, nicolae_yredelemnul_ghost_church,
          firewood_loft, kennysheep_random_hallway
Depths:2: nzn_winding_woodlands_stair_cross
          [nzn_winding_woodlands_5x15_split_checker,
          nzn_winding_woodlands_center_diamonds,
          nzn_winding_woodlands_5x15_pool, nzn_winding_woodlands_5x5_three,
          nzn_winding_woodlands_hourglass, nzn_winding_woodlands_5x15_longhouse,
          nzn_winding_woodlands_center_lodge, nzn_winding_woodlands_5x15_cabin],
          layout_honeycomb, enter_ziggurat_d, nicolae_wu_jian_wuxing_cycle,
          hellmouth_1, abyss_entry, rand_demon_pan_entry_9, hex_large,
          minmay_misc_feat_rows, minmay_metal_thing
Depths:3: minmay_the_grid_square_5x5_3x3 [minmay_the_grid_square_5x5_spiral,
          minmay_the_grid_square_5x5_longway,
          minmay_the_grid_square_5x5_minibox, minmay_the_grid_square_5x5_eight,
          minmay_the_grid_square_5x5_megaprize_hollow,
          minmay_the_grid_square_5x5_two_walls_a,
          minmay_the_grid_square_5x5_eight_small,
          minmay_the_grid_square_5x5_two_small, minmay_the_grid_square_5x5_v],
          layout_basic, abyss_entry, nicolae_elyvilon_temple_path, hell_entry
Depths:4: evilmike_zot_entry_basic, layout_cave_shapes, abyss_entry,
          hangedman_coc_ice_floe, corexii_leaking_fountain, serial_bayou_shore_b
Hell
Zot:1:    layout_cathedral_of_symmetry, regret_index_zotdec_banners
Zot:2:    hangedman_zot_vaults_quadrants, layout_concentric_octagons
Zot:3:    dreamdust_black_sun_cult, layout_cellular_growth
Zot:4:    layout_cathedral_of_symmetry, grunt_megastairs_5
Zot:5:    layout_twisted_circle, drop_trap

Skill      XL: |  1  2  3  4  5  6  7  8  9 10 11 12 13 14 15 16 17 18 19 20 21 22 23 24 25 26 27 |
---------------+----------------------------------------------------------------------------------+-----
Axes           | 3 4 5 7 9 11 13 14 16 17 18 | 18.9
Fighting       | 4 5 6 7 9 10 11 12 15 18 19 21 22 23 25 26 27 | 27.0
Armour         | 1 2 3 4 5 7 8 9 10 11 12 13 14 15 16 17 18 20 22 25 27 | 27.0
Invocations    | 1 2 5 7 8 9 11 13 15 17 19 20 21 22 24 25 26 27 | 27.0
Evocations     | 5 6 12 18 | 18.1
Shields        | 1 4 5 7 10 11 12 13 14 15 16 17 18 19 20 21 22 | 22.8
Dodging        | 5 7 10 11 13 | 13.0
Stealth        | |  4.1

Action                     |  1- 3 |  4- 6 |  7- 9 | 10-12 | 13-15 | 16-18 | 19-21 | 22-24 | 25-27 || total
---------------------------+-------+-------+-------+-------+-------+-------+-------+-------+-------++-------
  Melee: Hand axe          |   114 |   208 |    61 |       |       |       |    23 |       |       ||   406
         Punch             |       |     3 |     3 |       |       |       |       |       |       ||     6
         War axe           |       |       |   192 |    21 |     3 |   290 |       |       |       ||   506
         Trident           |       |       |    24 |   480 |   785 |   106 |       |       |       ||  1395
         Broad axe         |       |       |       |       |       |  1177 |  1754 |  2124 |  2194 ||  7249
         Demon trident     |       |       |       |       |       |     9 |       |       |       ||     9
         Trishula          |       |       |       |       |       |       |    11 |       |       ||    11
  Throw: Dart              |    13 |    14 |    23 |     7 |       |       |       |       |       ||    57
         Boomerang         |       |     5 |    23 |       |    10 |       |       |       |       ||    38
 Invoke: Convert to Beogh  |       |     1 |       |       |       |       |       |       |       ||     1
         Smiting           |       |       |       |     6 |    27 |    15 |    36 |    30 |    57 ||   171
         Recall Orcish Fol |       |       |       |       |    11 |    15 |     1 |     3 |    15 ||    45
         Give Item to Name |       |       |       |       |       |     5 |     5 |     3 |     3 ||    16
         Stop Recall       |       |       |       |       |       |     4 |       |     1 |     4 ||     9
         Resurrection      |       |       |       |       |       |       |     2 |       |     1 ||     3
  Evoke: Wand              |       |     2 |     5 |    12 |    23 |    25 |    26 |    23 |     5 ||   121
         Phantom mirror    |       |       |       |       |       |     1 |       |       |       ||     1
         Phial of floods   |       |       |       |       |       |       |     1 |       |       ||     1
    Use: Scroll            |     1 |     7 |     9 |     6 |     7 |     9 |    13 |    10 |    21 ||    83
         Potion            |       |     1 |     3 |     2 |     6 |     1 |    13 |     9 |    19 ||    54
   Stab: Sleeping          |     3 |       |       |       |       |       |       |       |       ||     3
         Distracted        |       |       |       |     1 |     2 |    14 |    10 |     8 |    17 ||    52
         Invisible         |       |       |       |       |       |       |     7 |       |       ||     7
         Paralysed         |       |       |       |       |       |       |       |       |     1 ||     1
 Armour: Leather armour    |    30 |       |       |       |       |       |       |       |       ||    30
         Chain mail        |    77 |   161 |   224 |   297 |       |       |       |       |       ||   759
         Plate armour      |       |       |       |   143 |   924 |   960 |   479 |       |       ||  2506
         Crystal plate arm |       |       |       |       |       |       |   503 |   397 |       ||   900
         Gold dragon scale |       |       |       |       |       |       |       |  1038 |  1441 ||  2479
  Dodge: Dodged            |    68 |    84 |   105 |   128 |   286 |   512 |   289 |   351 |   777 ||  2600
  Block: Buckler           |       |       |       |    88 |   273 |   231 |       |       |       ||   592
         Kite shield       |       |       |       |       |       |   963 |  1581 |  2013 |  2353 ||  6910
         Reflection        |       |       |       |       |       |    14 |       |       |       ||    14
         Other             |       |       |       |       |       |     1 |       |       |       ||     1
